 Dungeon Crawl Stone Soup version 0.28-b1-25-g9875b3fc8c (webtiles) character file.

Game seed: 11628294323014359567

2966 Xoff the Blocker (level 9, -5/74 HPs)
             Began as a Gnoll Fighter on Feb 6, 2022.
             Was an Elder of Zin.
             Slain by a yak (8 damage)
             ... on level 8 of the Dungeon.
             The game lasted 00:18:33 (9514 turns).

Xoff the Blocker (Gnoll Fighter)                    Turns: 9514, Time: 00:18:34

Health: -5/74      AC: 15    Str: 20    XL:     9   Next: 82%
Magic:  15/15      EV:  7    Int: 10    God:    Zin [****..]
Gold:   171        SH:  6    Dex: 12    Spells: 17/17 levels left

rFire   . . .      SeeInvis .   a - +0 long sword
rCold   + . .      Faith    .   c - +0 buckler
rNeg    + . .      Spirit   .   F - +0 plate armour
rPois   ∞          Reflect  .   (no helmet)
rElec   .          Harm     .   G - +0 cloak
rCorr   .          Rampage  .   (no gloves)
Will    .....                   (no boots)
Stlth   ..........              N - amulet of magic regeneration
HPRegen 0.22/turn               I - ring of protection from cold
MPRegen 0.54/turn               H - ring of positive energy

@: vitalised, on recite cooldown, hasted, studying Stealth, very quick
A: fangs 1, strong nose, distributed training
a: Renounce Religion, Recite, Vitalisation, Imprison, Donate Gold


You were on level 8 of the Dungeon.
You worshipped Zin.
Zin was greatly pleased with you.
You visited 2 branches of the dungeon, and saw 9 of its levels.
You also visited: Sewer.

You collected 381 gold pieces.
You donated 210 gold pieces to Zin.

Inventory:

Hand Weapons
 a - a +0 long sword (weapon)
 e - a +0 dagger of venom
 j - a +0 hand crossbow
 s - a +1 dagger of electrocution
 u - a +0 short sword of flaming
Missiles
 g - 199 stones (quivered)
 m - 99 bolts
 o - 7 curare-tipped darts
 r - 34 poisoned darts
 z - 39 sling bullets
 E - 4 boomerangs
Armour
 b - a +0 scale mail
 c - a +0 buckler (worn)
 y - the +1 ring mail "Kaeptimm" {rPois Stlth+}
   (You found it on level 4 of the Dungeon)

   rPois:     It protects you from poison.
   Stlth:     It makes you more stealthy.
 A - a +1 chain mail
 F - a +0 plate armour (worn)
 G - a +0 cloak (worn)
Jewellery
 H - a ring of positive energy (right hand)
 I - a ring of protection from cold (left hand)
 N - an amulet of magic regeneration (around neck)
Wands
 n - a wand of flame (36)
 D - a wand of acid (5)
Scrolls
 d - 3 scrolls of teleportation
 i - 3 scrolls of fear
 v - 3 scrolls of summoning
 w - 3 scrolls of amnesia
 C - 2 scrolls of enchant armour
 J - 2 scrolls of fog
 K - a scroll of magic mapping {unknown}
 M - a scroll of blinking {unknown}
Potions
 f - a potion of flight
 h - a potion of brilliance
 k - a potion of resistance
 l - 4 potions of cancellation
 p - 2 potions of mutation
 q - a potion of haste
 t - a potion of invisibility {unknown}
 x - a potion of berserk rage {unknown}
 B - 2 potions of attraction {unknown}
 L - 2 potions of degeneration {unknown}


   Skills:
 + Level 8.1 Fighting
 + Level 4.6 Short Blades
 + Level 6.6 Long Blades
 + Level 4.6 Axes
 + Level 4.6 Maces & Flails
 + Level 4.6 Polearms
 + Level 4.6 Staves
 + Level 4.6 Slings
 + Level 4.6 Bows
 + Level 4.6 Crossbows
 + Level 4.6 Throwing
 + Level 8.1 Armour
 + Level 4.6 Dodging
 + Level 5.1 Stealth
 + Level 8.1 Shields
 + Level 4.6 Unarmed Combat
 + Level 4.6 Spellcasting
 + Level 3.8 Conjurations
 + Level 3.8 Hexes
 + Level 3.8 Summonings
 + Level 3.8 Necromancy
 + Level 3.8 Translocations
 + Level 3.8 Transmutations
 + Level 3.8 Fire Magic
 + Level 3.8 Ice Magic
 + Level 3.8 Air Magic
 + Level 3.8 Earth Magic
 + Level 3.8 Poison Magic
 + Level 5.1 Invocations
 + Level 4.6 Evocations


You had 17 spell levels left.
You didn't know any spells.
Your spell library contained the following spells:

 Spells                   Type           Power      Damage    Failure   Level
 Magic Dart               Conj           36%        1d4       77%         1
 Dazzling Flash           Conj/Hex       18%        N/A       98%         3
 Tukima's Dance           Hex            9%         N/A       98%         3
 Iskenderun's Mystic Bla  Conj/Tloc      9%         2d4       100%        4
 Passage of Golubria      Tloc           9%         N/A       100%        4
 Yara's Violent Unravell  Hex/Tmut       4%         3d4       100%        5
 Starburst                Conj/Fire      4%         6d4       100%        6
 Borgnjor's Revivificati  Necr           4%         N/A       100%        8


Dungeon Overview and Level Annotations

Branches:
Dungeon (8/15)             Temple (1/1) D:5           Sewer (visited)
   Lair: D:8-11

Altars:
Ashenzari
Cheibriados
Dithmenos
Elyvilon
Fedhas
Gozag
Hepliaklqana
Kikubaaqudgha
Makhleb
Nemelex Xobeh
Okawaru
Ru
Sif Muna
Uskayaw
Vehumet
Wu Jian
Xom
Yredelemnul
Zin
The Shining One
Jiyva

Shops:
D:5 (

Annotations:
D:8 3 runed translucent doors, exclusion: statue, Noname's ghost, novice DsNe


Innate Abilities, Weirdness & Mutations

You have very sharp teeth.
Your uncanny sense of smell can sniff out nearby items.
Your experience applies equally to all skills.


Message History

You hit the yak. Your bite misses the yak.
The yak is severely wounded.
You block the yak's attack. The yak gores you!
* * * LOW HITPOINT WARNING * * *
You feel yourself speed up. The yak closely misses you.
You hit the yak but do no damage.
The yak is severely wounded.
You slash the yak!
The yak is almost dead.
You block the yak's attack.
You hit the yak.
You kill the yak!
You hit the orc. You bite the orc.
The orc is almost dead.
You block the orc's attack.
You slash the orc!
You kill the orc!
You hit the yak but do no damage.
The yak is moderately wounded.
The yak gores you!
* * * LOW HITPOINT WARNING * * *
You hit the yak but do no damage.
The yak is moderately wounded.
The yak gores you but does no damage.
You slash the yak!
The yak is heavily wounded.
A yak comes into view.
You closely miss the yak.
The yak is heavily wounded.
The yak bellows!
You block the yak's attack.
You hit the yak but do no damage. You bite the yak, but do no damage.
The yak is heavily wounded.
You block the yak's attack.
Do you wish to donate half of your money?
You feel that Zin will soon be greatly pleased with you.
You hit the yak.
The yak is heavily wounded.
The yak gores you!
You die...

### ..# #.# #.#
###### #.# ......#
#@# .......##Y#
#...o....Y#
#.#....##o#
..........#
..###..#..#########
o ................#
###.##..#######.#
.....>......#


You could see 2 yaks and an orc (corona).

Vanquished Creatures
  2 yaks (D:8)
  2 water moccasins (D:7)
  An orc warrior (D:8)
  4 black bears
  A sky beast (D:8)
  A necrophage (D:6)
  2 ogres
  3 centaurs (D:7)
  4 kobold brigands
  A scorpion (D:4)
  2 wyvern zombies
  A howler monkey (D:7)
  3 centaur zombies
  3 jellies
  3 orc priests
  3 hounds
  4 iguanas
  7 orc wizards
  A howler monkey skeleton (D:6)
  11 adders
  A white imp (D:7)
  An adder zombie (D:5)
  3 dart slugs
  28 orcs
  10 ball pythons
  4 bats
  2 endoplasms (D:1)
  6 giant cockroaches
  5 goblins
  5 hobgoblins
  8 jackals (D:2)
  5 quokkas
  5 frilled lizards
  28 kobolds
  9 rats
  A spectral orc (D:6)
180 creatures vanquished.

Vanquished Creatures (others)
  A kobold brigand (D:5)
  A plant (Sewer)
2 creatures vanquished.

Grand Total: 182 creatures vanquished

Notes
Turn   | Place    | Note
-------+----------+-------------------------------------------
     0 | D:1      | Xoff the Gnoll Fighter began the quest for the Orb.
     0 | D:1      | Reached XP level 1. HP: 23/23 MP: 1/1
    52 | D:1      | Reached XP level 2. HP: 26/29 MP: 2/2
   588 | D:1      | Reached XP level 3. HP: 35/35 MP: 3/3
   838 | D:1      | Found a faded altar of an unknown god.
   841 | D:1      | Prayed at the altar of an unknown god.
   841 | D:1      | Became a worshipper of Zin the Law-Giver
   841 | D:1      | Reached * piety under Zin
   890 | D:2      | Reached skill level 1 in Invocations
  1210 | D:2      | Reached skill level 1 in Short Blades
  1210 | D:2      | Reached skill level 1 in Axes
  1210 | D:2      | Reached skill level 1 in Maces & Flails
  1210 | D:2      | Reached skill level 1 in Polearms
  1210 | D:2      | Reached skill level 1 in Staves
  1210 | D:2      | Reached skill level 1 in Slings
  1210 | D:2      | Reached skill level 1 in Bows
  1210 | D:2      | Reached skill level 1 in Crossbows
  1210 | D:2      | Reached skill level 1 in Throwing
  1210 | D:2      | Reached skill level 1 in Dodging
  1210 | D:2      | Reached skill level 1 in Stealth
  1210 | D:2      | Reached skill level 1 in Unarmed Combat
  1210 | D:2      | Reached skill level 1 in Spellcasting
  1210 | D:2      | Reached skill level 1 in Evocations
  1219 | D:2      | Reached XP level 4. HP: 38/41 MP: 5/5
  2246 | D:3      | Noticed a black bear
  2252 | D:3      | Killed a black bear
  2253 | D:3      | Reached skill level 1 in Conjurations
  2253 | D:3      | Reached skill level 1 in Hexes
  2253 | D:3      | Reached skill level 1 in Summonings
  2253 | D:3      | Reached skill level 1 in Necromancy
  2253 | D:3      | Reached skill level 1 in Translocations
  2253 | D:3      | Reached skill level 1 in Transmutations
  2253 | D:3      | Reached skill level 1 in Fire Magic
  2253 | D:3      | Reached skill level 1 in Ice Magic
  2253 | D:3      | Reached skill level 1 in Air Magic
  2253 | D:3      | Reached skill level 1 in Earth Magic
  2253 | D:3      | Reached skill level 1 in Poison Magic
  2253 | D:3      | Reached XP level 5. HP: 41/47 MP: 5/7
  2367 | D:3      | Reached XP level 6. HP: 41/53 MP: 8/8
  2475 | D:3      | Reached skill level 5 in Long Blades
  2476 | D:3      | Reached ** piety under Zin
  2723 | D:3      | Found a glowing drain.
  2727 | Sewer    | Entered a sewer
  3145 | Sewer    | Reached XP level 7. HP: 33/59 MP: 10/10
  3362 | D:3      | Found a broken altar of Ashenzari.
  3915 | D:4      | Found an opulent altar of Gozag.
  3971 | D:4      | Identified the +1 ring mail "Kaeptimm" {rPois Stlth+}
  4411 | D:5      | Entered Level 5 of the Dungeon
  4419 | D:5      | Found a staircase to the Ecumenical Temple.
  4431 | D:5      | Reached *** piety under Zin
  4731 | D:5      | Found Uddi's Antique Weapon Shop.
  4915 | D:5      | Identified the +2 leather armour of Bukleecs {rElec rF+
                  | Dex-3}
  5045 | D:5      | Found a large runed translucent door.
  5045 | D:5      | Found a large runed translucent door.
  5049 | D:5      | Found a shimmering altar of Xom.
  5111 | D:5      | Reached XP level 8. HP: 11/67 MP: 12/12
  5329 | D:5      | Found a glowing golden altar of the Shining One.
  5923 | Temple   | Entered the Ecumenical Temple
  6428 | D:6      | Reached **** piety under Zin
  7185 | D:6      | Found a hazy altar of Hepliaklqana.
  7357 | D:6      | Reached XP level 9. HP: 49/72 MP: 14/14
  7686 | D:6      | Got Tenuanwi's Incunabulum of Hurtful Dark Rituals
  8636 | D:7      | Identified the +0 ring mail of Activism {rC- Will- MP+9
                  | Dex+9}
  9081 | D:7      | Found an iron altar of Okawaru.
  9171 | D:8      | Found a radiant altar of Vehumet.
  9292 | D:8      | Found a runed translucent gate.
  9292 | D:8      | Found a runed translucent gate.
  9292 | D:8      | Found a runed translucent gate.
  9296 | D:8      | Noticed Noname's ghost (novice DsNe)
  9300 | D:8      | Found a viscous altar of Jiyva.
  9494 | D:8      | Reached skill level 5 in Stealth
  9494 | D:8      | Reached skill level 5 in Invocations
  9508 | D:8      | HP: 3/74 [yak (9)]
  9513 | D:8      | Donated 172 gold pieces to Zin
  9514 | D:8      | Slain by a yak

Illustrated notes

Levels and vault maps discovered:
D:1:      beargit_arrival_greenhouse, layout_loops_ring,
          hellmonk_ecumenical_altar_inner_sanctum
D:2:      layout_rooms, roderic_lattice_a
D:3:      layout_rooms, lemuel_crystal_altar, gup_sewer_entry_bowl
D:4:      layout_rooms, nicolae_gozag_seed_capital
D:5:      due_chaos_kobolds, layout_loops_cross, lemuel_doored_altar,
          minmay_temple_entry_glass, serial_shops, shop,
          kennysheep_generic_room_11
D:6:      layout_loops_cross, nicolae_hepliaklqana_monster_ancestors,
          lightli_orcish_oven
D:7:      layout_loops_cross, marbit_many_paths, minmay_liquid_box, st_stairs_7,
          minmay_manual_mares
D:8:      layout_loops_ring, vehumet_statue, grunt_qazlal_sundering,
          kennysheep_mini, david_lair_shrubbed, gammafunk_ghost_ooze,
          serial_glass, glass_columns_a, glass_columns_a
Temple:   nicolae_temple_figure_eight

Skill      XL: |  1  2  3  4  5  6  7  8  9 |
---------------+----------------------------+-----
Invocations    | 1 2 3 4 5 |  5.1
Short Blades   | 1 2 3 4 |  4.6
Axes           | 1 2 3 4 |  4.6
Maces & Flails | 1 2 3 4 |  4.6
Polearms       | 1 2 3 4 |  4.6
Staves         | 1 2 3 4 |  4.6
Slings         | 1 2 3 4 |  4.6
Bows           | 1 2 3 4 |  4.6
Crossbows      | 1 2 3 4 |  4.6
Throwing       | 1 2 3 4 |  4.6
Dodging        | 1 2 3 4 |  4.6
Stealth        | 1 2 3 5 |  5.1
Unarmed Combat | 1 2 3 4 |  4.6
Spellcasting   | 1 2 3 4 |  4.6
Evocations     | 1 2 3 4 |  4.6
Conjurations   | 1 2 3 |  3.8
Hexes          | 1 2 3 |  3.8
Summonings     | 1 2 3 |  3.8
Necromancy     | 1 2 3 |  3.8
Translocations | 1 2 3 |  3.8
Transmutations | 1 2 3 |  3.8
Fire Magic     | 1 2 3 |  3.8
Ice Magic      | 1 2 3 |  3.8
Air Magic      | 1 2 3 |  3.8
Earth Magic    | 1 2 3 |  3.8
Poison Magic   | 1 2 3 |  3.8
Long Blades    | 5 6 |  6.6
Fighting       | 7 8 |  8.1
Armour         | 7 8 |  8.1
Shields        | 7 8 |  8.1

Action                   |  1- 3 |  4- 6 |  7- 9 || total
-------------------------+-------+-------+-------++-------
Melee: Long sword        |    98 |   196 |   513 ||   807
       Bite              |    11 |    15 |    51 ||    77
Throw: Stone             |       |       |     3 ||     3
Invok: Recite            |       |     1 |     4 ||     5
       Vitalisation      |       |       |     1 ||     1
       Donate Gold       |       |       |     1 ||     1
  Use: Scroll            |       |     8 |     6 ||    14
       Potion            |       |     3 |     6 ||     9
 Stab: Sleeping          |       |       |     1 ||     1
       Invisible         |       |       |     3 ||     3
Armor: Scale mail        |    53 |   108 |    20 ||   181
       Chain mail        |       |       |    46 ||    46
       Ring mail         |       |       |     1 ||     1
       Plate armour      |       |       |   213 ||   213
Dodge: Dodged            |    49 |   102 |   146 ||   297
Block: Buckler           |    28 |    55 |   132 ||   215
